 Dungeon Crawl Stone Soup version 0.17.1-1-g73c8601 (webtiles) character file.

116 JustSomeDude the Insei (level 4, -4/37 HPs)
             Began as a Demonspawn Monk on Jan 1, 2016.
             Killed by divine providence
             ... invoked by an orc priest
              (13 damage)
             ... on level 3 of the Dungeon.
             The game lasted 00:06:06 (2274 turns).

JustSomeDude the Insei (Demonspawn Monk)            Turns: 2274, Time: 00:06:06

Health: -4/37      AC:  5    Str: 11    XL:     4   Next: 70%
Magic:  4/4        EV: 12    Int: 11    God:
Gold:   157        SH:  0    Dex: 17    Spells: 0 memorised, 3 levels left

rFire  . . .     SeeInvis .       - Unarmed
rCold  . . .     Clarity  .     e - +0 ring mail
rNeg   + . .     SustAt   .     (no shield)
rPois  .         Gourm    .     (no helmet)
rElec  .         Spirit   .     (no cloak)
rCorr  .         Warding  .     (no gloves)
rMut   .         Stasis   .     (no boots)
MR     .....                    (no amulet)
Stlth  +.........               (no ring)
                                d - ring of positive energy

@: not resistant to hostile enchantments, very unstealthy
A: claws 2, powered by death 1
a: no special abilities


You were on level 3 of the Dungeon.
You were hungry.

You visited 1 branch of the dungeon, and saw 3 of its levels.

You collected 157 gold pieces.

Inventory:

Hand Weapons
 n - a +0 hand axe
Missiles
 r - 2 javelins (quivered)
Armour
 e - a +0 ring mail (worn)
Jewellery
 d - a ring of positive energy (left claw)
Wands
 i - a wand of polymorph (4)
 o - a wand of fire (12)
Scrolls
 a - 3 scrolls of identify {unknown}
 c - a scroll of remove curse {unknown}
 f - 2 scrolls of random uselessness {unknown}
 h - a scroll of teleportation {unknown}
 j - a scroll of magic mapping {unknown}
 q - a scroll of enchant armour {unknown}
Potions
 g - a potion of magic {unknown}
 l - a potion of lignification {unknown}
 m - a potion of ambrosia {unknown}
 p - a potion of might {unknown}
 s - a potion of cure mutation {unknown}
Comestibles
 b - a bread ration
 k - a meat ration


   Skills:
 + Level 3.8 Fighting
 + Level 1.0 Armour
 + Level 3.2 Dodging
 + Level 1.9 Stealth
 + Level 4.5 Unarmed Combat


You had 3 spell levels left.
You didn't know any spells.

Dungeon Overview and Level Annotations

Branches:
Dungeon (3/15)

Altars:
Beogh

Annotations:
D:3 Grinder


Innate Abilities, Weirdness & Mutations

You have very sharp fingernails.
You regenerate a little health from kills.


Message History

Found a roughly hewn altar of Beogh.
You close the door.
An orc priest opens the door.
You close the door.
An orc priest opens the door.
You feel less regenerative.
The orc priest miscasts a cantrip.
There is an open door here.
Grinder shouts!
Things that are here:
a short sword; 2 stones The orc priest invokes the aid of Beogh against you.
Something smites you!
Grinder gestures.
Grinder blinks!
You see here a stone.
The orc priest mumbles some strange prayers to Beogh against you.
Something smites you!
* * * LOW HITPOINT WARNING * * *
The orc priest mumbles some strange prayers to Beogh against you.
Something smites you!
You die...

..###.##.##.#.#### ..#
#.##.##.# # .......#.###..#
#.# #.##.##.# .#.. ..#.#......
#.# #.##.##+#+###.#.#
..#........ #..
#.##.#........#.# #.#........
###.#.##.#.......(#.#
#.#........
.#.##.#.......##.###.#........
# #.#.......................
...#...<.(@.(..o)o.#.†.....
#.......####.####...).....
#.#####)# ### #..#...... #.#
#..#...... #. #.# #...##'###
#.# #.# #.#.##.## #.#####.###
#......o#. #.#.......#
####....'$ #........## #...##.


You could see 2 orc priests.

Vanquished Creatures
  Ijyb (D:3)
  A gnoll (D:1)
  3 adders
  An ooze (D:1)
  2 worms (D:2)
  3 giant geckos (D:1)
  6 bats
  A giant cockroach (D:3)
  9 hobgoblins
  2 ball pythons
  2 giant newts
  7 goblins
  5 kobolds
  4 rats
47 creatures vanquished.

Notes
Turn   | Place    | Note
--------------------------------------------------------------
     0 | D:1      | JustSomeDude the Demonspawn Monk began the quest for the Orb.
     0 | D:1      | Reached XP level 1. HP: 18/18 MP: 1/1
   578 | D:1      | Gained mutation: You have sharp fingernails. [demonic ancestry]
   578 | D:1      | Reached XP level 2. HP: 9/24 MP: 2/2
   964 | D:1      | Reached skill level 4 in Unarmed Combat
  1120 | D:1      | Gained mutation: You have very sharp fingernails. [demonic ancestry]
  1120 | D:1      | Reached XP level 3. HP: 26/29 MP: 3/3
  1832 | D:2      | Gained mutation: You regenerate a little health from kills. [demonic ancestry]
  1832 | D:2      | Reached XP level 4. HP: 35/35 MP: 4/4
  2211 | D:3      | Noticed Ijyb
  2223 | D:3      | Killed Ijyb
  2225 | D:3      | Reached skill level 1 in Armour
  2240 | D:3      | Noticed Grinder
  2256 | D:3      | Found a roughly hewn altar of Beogh.
  2274 | D:3      | Killed from afar by an orc priest

Action                   |  1- 3 |  4- 6 || total
-------------------------+-------+-------++-------
Melee: Unarmed           |   100 |    30 ||   130
 Stab: Sleeping          |       |     1 ||     1
  Eat: Chunk             |     1 |     1 ||     2
       Pizza             |     1 |       ||     1
